 Dungeon Crawl Stone Soup version 0.20.1-1-g8b1a95d (webtiles) character file.

680 Linguinho the Chucker (level 7, -4/65 HPs)
             Began as a Troll Hunter on Nov 14, 2017.
             Slain by Blork the orc
             ... wielding a +0 glaive
              (14 damage)
             ... on level 5 of the Dungeon.
             The game lasted 00:05:16 (3095 turns).

Linguinho the Chucker (Troll Hunter)                Turns: 3095, Time: 00:05:17

Health: -4/65      AC:  5    Str: 23    XL:     7   Next: 34%
Magic:  6/6        EV: 10    Int:  7    God:
Gold:   240        SH:  0    Dex: 10    Spells: 6/6 levels left

rFire    . . .     SeeInvis .     - Unarmed
rCold    . . .     Gourm    +   (no shield)
rNeg     . . .     Faith    .   b - +0 robe
rPois    .         Spirit   .   (helmet restricted)
rElec    .         Reflect  .   (no cloak)
rCorr    .         Harm     .   (gloves unavailable)
MR       .....                  (boots unavailable)
Stlth    +.........             (no amulet)
Regen    0.6/turn               (no ring)
MPRegen  0.1/turn               (no ring)

@: confused
A: unfitting armour, claws 3, fast metabolism 3, gourmand, regeneration 1,
shaggy fur 1, tough skin 2
a: no special abilities


You were on level 5 of the Dungeon.
You were completely stuffed.

You visited 1 branch of the dungeon, and saw 5 of its levels.

You collected 240 gold pieces.

Inventory:

Hand Weapons
 y - the +0 mace "Jeppodiha" {crush, rElec rPois MR+}
   (You found it on level 4 of the Dungeon)

   It inflicts extra damage upon your enemies.
   It insulates you from electricity.
   It protects you from poison.
   It affects your resistance to hostile enchantments.
Missiles
 c - 5 large rocks (quivered)
 d - a throwing net
Armour
 b - a +0 robe (worn)
Jewellery
 j - an uncursed amulet of harm {unknown}
 v - a +3 ring of protection {unknown}
Wands
 s - a wand of random effects (19/48)
Scrolls
 a - 4 scrolls of identify {unknown}
 e - a scroll of fog {unknown}
 k - 2 scrolls of immolation {unknown}
 m - 3 scrolls of remove curse {unknown}
 n - a scroll of recharging {unknown}
 r - a scroll of teleportation {unknown}
 u - a scroll of amnesia {unknown}
Potions
 g - 2 potions of heal wounds {unknown}
 h - a potion of berserk rage {unknown}
 i - a potion of curing {unknown}
 o - a potion of haste {unknown}
 q - 3 potions of resistance {unknown}
 t - a potion of ambrosia {unknown}
 w - a potion of degeneration {unknown}
 x - a potion of mutation {unknown}
 z - a potion of brilliance {unknown}
Comestibles
 f - 8 bread rations
 p - a meat ration


   Skills:
 + Level 2.2 Fighting
 * Level 2.7 Maces & Flails
 * Level 5.3 Throwing
 + Level 2.8 Dodging
 - Level 0.4 Stealth
 + Level 4.4 Unarmed Combat


You had 6 spell levels left.
You didn't know any spells.

Dungeon Overview and Level Annotations

Branches:
Dungeon (5/15)
 Temple: D:4-7

Altars:
Ashenzari
Sif Muna
Uskayaw

Annotations:
D:5 Blork the orc, Ijyb


Innate Abilities, Weirdness & Mutations

You are too large for most types of armour.
You have claws for hands.
Your metabolism is lightning-fast.
You like to eat raw meat.
Your natural rate of healing is unusually fast.
You are covered in fur. (AC +1)
You have very tough skin. (AC +2)


Message History

You miss something. The adder closely misses you.
The ooze hits you but does no damage.
You're too confused to move!
The adder bites you but does no damage. Something hits you but does no damage.
Blork the orc points at you and mumbles some strange words.
The puff of flame hits something.
The ooze hits you but does no damage.
Ijyb screams, "You nasty!
Big nasty!"
The adder bites you.
* * * LOW HITPOINT WARNING * * *
You're too confused to move!
Blork the orc closely misses you.
You hear some strange, mumbled words.
Something tries to affect you, but you resist.
The ooze hits you.
* * * LOW HITPOINT WARNING * * *
The adder bites you but does no damage.
Unknown command.
You completely miss the ooze.
The ooze is heavily wounded.
Blork the orc hits you from afar with a glaive!
You die...

### #)# ... #.# #.#
#.# ##+# ###J####
##..<## #..@{oo#
#.....## ##.#S##S#
.......## ##...g##)#
........####....###o#
...................S.
....................#
.......#.####.#.#####
#.....##.# ###.#
##...###.# .#


You could see Blork the orc, Ijyb, an ooze, 2 adders and an orc.

Vanquished Creatures
  Sigmund (D:3)
  The ghost of Linguinho the Chucker, an amateur TrHu (D:3)
  A hound (D:4)
  An orc priest (D:5)
  A centaur skeleton (D:4)
  An iguana (D:3)
  3 worker ants (D:4)
  10 adders
  2 dart slugs (D:2)
  4 leopard geckos
  10 orcs
  A ball python (D:1)
  2 giant cockroaches
  8 goblins
  7 hobgoblins
  2 jackals (D:4)
  11 kobolds
  6 bats
  9 frilled lizards
  A jackal skeleton (D:5)
  10 rats
92 creatures vanquished.

Vanquished Creatures (others)
  An orc wizard (D:5)
1 creature vanquished.

Grand Total: 93 creatures vanquished

Notes
Turn   | Place    | Note
-------+----------+-------------------------------------------
     0 | D:1      | Linguinho the Troll Hunter began the quest for the Orb.
     0 | D:1      | Reached XP level 1. HP: 19/19 MP: 0/0
   183 | D:1      | Reached XP level 2. HP: 27/27 MP: 1/1
   279 | D:1      | Reached skill level 4 in Throwing
   720 | D:2      | Reached XP level 3. HP: 33/33 MP: 2/2
   833 | D:2      | Reached skill level 1 in Maces & Flails
  1099 | D:2      | Reached skill level 1 in Unarmed Combat
  1317 | D:3      | Noticed Linguinho's ghost (amateur TrHu)
  1350 | D:3      | Reached XP level 4. HP: 42/42 MP: 3/3
  1519 | D:4      | Reached XP level 5. HP: 35/49 MP: 4/4
  1736 | D:3      | Killed Linguinho's ghost
  1736 | D:3      | Reached XP level 6. HP: 30/57 MP: 5/5
  2028 | D:3      | Reached skill level 5 in Throwing
  2085 | D:3      | Noticed a dagger
  2085 | D:3      | Noticed a hand axe
  2086 | D:3      | Found a hide-covered altar of Uskayaw.
  2105 | D:3      | Noticed Sigmund
  2123 | D:3      | Killed Sigmund
  2557 | D:4      | Got a shimmering mace
  2558 | D:4      | Identified the +0 mace "Jeppodiha" {crush, rElec rPois MR+} (You found it on level 4 of the Dungeon)
  2572 | D:4      | Reached XP level 7. HP: 58/65 MP: 6/6
  2869 | D:4      | Found a shattered altar of Ashenzari.
  2970 | D:4      | Found a deep blue altar of Sif Muna.
  3034 | D:5      | Entered Level 5 of the Dungeon
  3071 | D:5      | Noticed Blork the orc
  3091 | D:5      | Noticed Ijyb
  3095 | D:5      | Slain by Blork the orc

Skill      XL: |  1  2  3  4  5  6 |
---------------+-------------------+-----
Throwing       | 4 5 |  5.3
Maces & Flails | 1 2 |  2.7
Unarmed Combat | 1 2 3 4 |  4.4
Dodging        | 2 |  2.8
Fighting       | 2 |  2.2
Stealth        | |  0.4

Action                   |  1- 3 |  4- 6 |  7- 9 || total
-------------------------+-------+-------+-------++-------
Melee: Unarmed           |   127 |   114 |    47 ||   288
       Punch             |       |     1 |       ||     1
       Mace              |       |     5 |       ||     5
Throw: Large rock        |       |     8 |       ||     8
       Throwing net      |       |     1 |       ||     1
 Stab: Sleeping          |     1 |     1 |     1 ||     3
  Eat: Chunk             |    17 |    12 |     5 ||    34
Armor: Robe              |    54 |    32 |    18 ||   104
Dodge: Dodged            |    84 |    68 |    35 ||   187
